 Dungeon Crawl Stone Soup version 0.25-a0-857-g60a0bcd8b5 (webtiles) character file.

Game seed: 1814112860752964858, levelgen mode: deterministic

266 Esekla the Chiller (level 6, -3/33 HPs)
             Began as a Tengu Ice Elementalist on Apr 26, 2020.
             Slain by an ogre
             ... wielding a +0 giant club
              (23 damage)
             ... on level 4 of the Dungeon.
             The game lasted 00:27:57 (3865 turns).

Esekla the Chiller (Tengu Ice Elementalist)         Turns: 3865, Time: 00:27:57

Health: -3/33      AC: 10    Str:  8    XL:     6   Next: 20%
Magic:  6/12       EV: 16    Int: 16    God:
Gold:   101        SH:  0    Dex: 16    Spells: 5/12 levels left

rFire    + . .     SeeInvis .   t - +0 falchion
rCold    . . .     Gourm    .   (no shield)
rNeg     . . .     Faith    .   o - +2 robe {rF+}
rPois    .         Spirit   .   (helmet restricted)
rElec    .         Reflect  .   (no cloak)
rCorr    .         Harm     .   (no gloves)
MR       .....                  (boots unavailable)
Stlth    +++.......             (no amulet)
HPRegen  0.11/turn              l - ring of stealth
MPRegen  0.13/turn              m - +3 ring of evasion

@: icy armour, frozen ramparts
A: beak, talons 3, able to fly
a: Fly


You were on level 4 of the Dungeon.
You were hungry.

You visited 1 branch of the dungeon, and saw 4 of its levels.

You collected 101 gold pieces.

Inventory:

Hand Weapons
 t - a +0 falchion (weapon)
 u - a +0 short sword
Missiles
 f - 7 poisoned darts (quivered)
Armour
 o - a +2 robe of fire resistance (worn)
 r - a cursed +0 ring mail
Jewellery
 l - a ring of stealth (left hand)
 m - a +3 ring of evasion (right hand)
Scrolls
 b - 2 scrolls of identify {unknown}
 d - 3 scrolls of teleportation {unknown}
 i - a scroll of immolation {unknown}
 p - a scroll of magic mapping {unknown}
 v - a scroll of remove curse {unknown}
Potions
 a - a potion of mutation {unknown}
 e - 3 potions of degeneration {unknown}
 g - a potion of berserk rage {unknown}
 h - a potion of flight {unknown}
 j - a potion of haste {unknown}
 k - a potion of lignification {unknown}
 n - a potion of curing {unknown}
 q - 2 potions of heal wounds {unknown}
 s - 2 potions of stabbing {unknown}
Comestibles
 c - 6 rations
 w - 2 chunks of flesh


   Skills:
 + Level 0.7 Fighting
 + Level 2.0(2.1) Short Blades
 * Level 1.1(1.7) Long Blades
 + Level 2.4 Armour
 + Level 2.8 Dodging
 - Level 2.0 Stealth
 * Level 3.7 Spellcasting
 * Level 1.3 Charms
 + Level 3.8 Ice Magic


You had 5 spell levels left.
You knew the following spells:

 Your Spells              Type           Power        Failure   Level  Hunger
a - Ozocubu's Armour      Chrm/Ice       ##......     19%         3    ###....
b - Freeze                Ice            ###.         3%          1    None
r - Frozen Ramparts       Ice            ###...       11%         3    ###....

Your spell library contained the following spells:

 Spells                   Type           Power        Failure   Level  Hunger
 Hailstorm                Conj/Ice       #.......     61%         4    ####...
 Summon Ice Beast         Ice/Summ       #.......     61%         4    ####...


Dungeon Overview and Level Annotations

Branches:
Dungeon (4/15)
 Temple: D:4-7

Altars:
Makhleb

Annotations:
D:4 Grinder


Innate Abilities, Weirdness & Mutations

You have a beak for a mouth.
You have claws for feet.
You can fly continuously.


Message History

Press: ? - help, Shift-Dir - straight line, f/p - ogre
Aim: an ogre, wielding a +0 giant club You throw a poisoned dart.
The poisoned dart hits the ogre.
The wall freezes the ogre.
Throwing (i - inventory)
f - 8 poisoned darts (quivered)
Press: ? - help, Shift-Dir - straight line, f/p - ogre
Aim: an ogre, wielding a +0 giant club (lightly wounded)
You throw a poisoned dart. The poisoned dart hits the ogre.
The ogre is poisoned.
The ogre is lightly wounded.
The wall freezes the ogre.
You hit the ogre but do no damage.
The ogre is lightly wounded.
The wall freezes the ogre.
The ogre hits you with a +0 giant club!
You barely miss the ogre. You peck the ogre.
The ogre is moderately wounded.
The wall freezes the ogre.
The ogre hits you with a +0 giant club!!
Ouch! That really hurt!
You die...

.# .# .# )#
###.# ... .
#.# ##... #@#
..... #O#
#..... #(# #
#......#(###.#
#...........#
#.#
##.#####.##$#
###.#
#........#
..#.#
#..####..#
#.#.# #..#
#..#


You could see an ogre.

Vanquished Creatures
  A scorpion (D:4)
  A howler monkey (D:4)
  Jessica (D:3)
  An iguana (D:4)
  3 adders
  An ooze (D:2)
  A worm (D:2)
  2 dart slugs
  A leopard gecko (D:1)
  11 orcs
  4 bats
  A giant cockroach (D:3)
  7 goblins
  7 hobgoblins
  11 jackals
  3 quokkas
  2 ball pythons
  6 frilled lizards
  4 kobolds
  5 rats
73 creatures vanquished.

Notes
Turn   | Place    | Note
-------+----------+-------------------------------------------
     0 | D:1      | Esekla the Tengu Ice Elementalist began the quest for the
                  | Orb.
     0 | D:1      | Reached XP level 1. HP: 10/10 MP: 4/4
   149 | D:1      | Reached skill level 1 in Armour
   287 | D:1      | Reached XP level 2. HP: 12/15 MP: 6/6
  1176 | D:1      | Reached XP level 3. HP: 9/19 MP: 7/7
  1513 | D:2      | Learned a level 3 spell: Frozen Ramparts
  1783 | D:3      | Learned a level 3 spell: Ozocubu's Armour
  1895 | D:3      | Noticed Jessica
  1943 | D:3      | Killed Jessica
  1943 | D:3      | Reached skill level 1 in Short Blades
  1943 | D:3      | Reached XP level 4. HP: 21/24 MP: 3/9
  2718 | D:2      | Found a burning altar of Makhleb.
  2718 | D:2      | Noticed a green death
  3154 | D:3      | Upgraded the game from 0.25-a0-843-g6944ee31a2 to
                  | 0.25-a0-857-g60a0bcd8b5
  3171 | D:4      | Noticed Grinder
  3238 | D:4      | Gained mutation: You can fly continuously. [Tengu growth]
  3238 | D:4      | Reached XP level 5. HP: 28/28 MP: 3/10
  3451 | D:4      | Reached skill level 1 in Charms
  3656 | D:4      | Reached skill level 1 in Long Blades
  3656 | D:4      | Reached XP level 6. HP: 20/33 MP: 1/12
  3865 | D:4      | Slain by an ogre

Levels and vault maps discovered:
D:1:      lemuel_arrival_broad_hall, layout_loops_corners
D:2:      layout_loops_corners, hex_tiny, serial_bayou_pond_d,
          makhleb_altar_promises_db
D:3:      layout_basic, uniq_jessica
D:4:      layout_loops_ring, nicolae_overflow_hidden_temple, first_ration,
          uniq_grinder

Skill      XL: |  1  2  3  4  5  6 |
---------------+-------------------+-----
Armour         | 1 2 |  2.4
Short Blades   | 1 2 |  2.0
Spellcasting   | 3 |  3.7
Charms         | 1 |  1.3
Long Blades    | 1 |  1.1
Fighting       | |  0.7
Dodging        | |  2.8
Stealth        | |  2.0
Ice Magic      | |  3.8

Action                   |  1- 3 |  4- 6 || total
-------------------------+-------+-------++-------
Melee: Dagger            |    85 |    58 ||   143
       Kick              |    19 |    14 ||    33
       Peck              |     9 |    10 ||    19
       Falchion          |       |    18 ||    18
Throw: Dart              |       |     7 ||     7
 Cast: Freeze            |     6 |       ||     6
       Frozen Ramparts   |     3 |    15 ||    18
       Ozocubu's Armour  |       |     4 ||     4
 Stab: Sleeping          |     4 |    11 ||    15
  Eat: Chunk             |     3 |     6 ||     9
       Ration            |       |     1 ||     1
Armor: Robe              |    17 |     7 ||    24
Dodge: Dodged            |    54 |    48 ||   102
       Rpst.: Falchion   |       |     3 ||     3

Table legend:
 A = Non-vault XP
 B = Vault XP
 C = Vault XP percentage of total XP
 D = Non-vault monster count
 E = Vault monster count
 F = Vault count percentage of total count
                 A         B        C        D         E       F
            +---------+---------+-------+---------+---------+-------
      Total |     343 |      37 |   9.7 |      72 |       1 |   1.4
            +---------+---------+-------+---------+---------+-------
        D:1 |      28 |       0 |   0.0 |      15 |       0 |   0.0
        D:2 |      41 |       0 |   0.0 |      20 |       0 |   0.0
        D:3 |      53 |      37 |  41.1 |      16 |       1 |   5.9
        D:4 |     221 |       0 |   0.0 |      21 |       0 |   0.0
            +---------+---------+-------+---------+---------+-------
